 Dungeon Sprint DCSS version 0.02-122-g12e50fee3c (webtiles) character file.

Game seed: 10012576966277871048, levelgen mode: deterministic

2472 lorenzova the Eclecticist (level 9, 0/45 HPs) Deep Elf Fire Elementalist. Began on Oct 6, 2020. Was a Follower of Qazlal. Killed by an exploding ballistomycete spore (23 damage) ... in the Dungeon (Sprint I: "Red Sonja"). The game lasted 00:11:18 (947 turns).

lorenzova the Eclecticist (DEFE)                     Turns: 947, Time: 00:11:18

Health: 0/45       AC:  2    Str:  5    XL:     9 ^: 1996
Magic:  42/42      EV: 13    Int: 24    God:    Qazlal [1* [41]]
Gold:   118        SH:  0    Dex: 15    Spells: 29/44 levels left

rFire    + . .     Vision   .   j - +2 scythe (freeze)
rCold    x . .     Gourm    .   (also wielding the above weapon)
rNeg     . . .     Faith    .   a - +0 robe
rPois    .         Spirit   .   (no helmet)
rElec    .         Reflect  .   (no cloak)
rCorr    .         Harm     .   (no gloves)
MR       .....     NoTele   +   (no boots)
Stlth    +.........             (no amulet)
HPRegen  0.25/turn              n - ring of magical power
MPRegen  0.52/turn              o - ring of fire

@: confused
A: no striking features
a: Renounce Religion


You were in the Dungeon.
You worshipped Qazlal.
Qazlal was aware of your devotion.
You were not hungry.

You visited 1 branch You collected 633 gold pieces.
You spent 515 gold pieces at shops.

Inventory:

Weapons
 j - a +2 scythe of freezing (weapon)
Armour
 a - a +0 robe (worn)
Jewellery
 n - a ring of magical power (left hand)
 o - a ring of fire (right hand)
Wands
 b - a wand of ensnaring (2)
 k - a wand of flame (9)
Scrolls
 i - a scroll of blinking
 l - a scroll of enchantment
Potions
 d - 2 potions of curing
 e - a potion of heal wounds
 f - a potion of haste
 g - 2 potions of magic
 h - a potion of berserk rage
 m - 2 potions of brilliance
 p - a potion of agility
Comestibles
 c - 2 rations


   Skills:
 - Level 2.4 Dodging
 - Level 2.4 Stealth
 + Level 18.2 Spellcasting
 + Level 15.8 Fire Magic


You had 29 spell levels left.
You knew the following spells:

 Your Spells              Type           Power        Failure   Level  Hunger
a - Foxfire               Fire           25 (25)      0%          1    None
b - Searing Ray           Fire           50 (50)      0%          2    None
f - Fireball              Fire           99 (200)     1%          5    None
s - Sticky Flame          Fire/Pois      74 (100)     1%          4    None
x - Conjure Flame         Fire           99 (100)     0%          3    None

Your spell library contained the following spells:

 Spells                   Type           Power        Failure   Level  Hunger
 Inner Flame              Hex/Fire       74 (100)     1%          3    None


Dungeon Overview and Level Annotations

Branches:
Dungeon (1/1)

Altars:
Cheibriados
Dithmenos
Elyvilon
Fedhas Madash
Gozag Ym Sagoz
Hepliaklqana
Kikubaaqudgha
Makhleb
Nemelex Xobeh
Okawaru
Qazlal
Ru
Sif Muna
Trog
Uskayaw
Vehumet
Wu Jian
Xom
Yredelemnul
Zin
The Shining One
Jiyva
Lugonu

Shops:
D ==[


Message History

There is an open door here.
Things that are here:
a +0 deep troll leather; a deep troll corpse
There is an open door here.
You open the door. 2 ballistomycete spores come into view.
The ballistomycete spore waves its rhizomes. x2
Found five items.
A ballistomycete grows in the wake of the ballistomycete spore.
The ballistomycete spore explodes!
The explosion of spores engulfs you (22)!!
You are confused.
The explosion of spores engulfs the ballistomycete spore (23)!!
The ballistomycete spore explodes!
A fungus suddenly grows.
The explosion of spores engulfs the ballistomycete (0).
The explosion of spores engulfs you (23)!!
You are more confused.
Ouch! That really hurt!
You die...

#..####..#...#.####§§#
#..#__####..##.#≈§§§§#
#..#_____##'#_.'≈§≈§§+
#⌠⌠#_.∩..÷'..._#≈§§.§#
####_..__##_.#'##§####
#_____###'#.#[§?[###
############.####.###.##
#∩........')..'..[..'.∩#
###++++####.@.##########
##.## #P#


!P! $??)$ ####### There were no monsters in sight!

Vanquished Creatures
  Sonja (D)
  A deep troll (D)
  2 centaur warriors (D)
  Sigmund (D)
  A yak (D)
  A slime creature (D)
  Ijyb (D)
  An ogre (D)
  A jelly (D)
10 creatures vanquished.

Vanquished Creatures (others)
  10 foxfires (D)
10 creatures vanquished.

Grand Total: 20 creatures vanquished

Notes
Turn   | Place    | Note
-------+----------+-------------------------------------------
     0 | D        | lorenzova the Deep Elf Fire Elementalist began the quest
                  | for the Orb.
     0 | D        | Reached XP level 1. HP: 10/10 MP: 6/6
     1 | D        | Noticed Ijyb
    12 | D        | Killed Ijyb
    12 | D        | Reached skill level 8 in Spellcasting
    12 | D        | Reached XP level 2. HP: 11/15 MP: 2/13
    12 | D        | Reached XP level 3. HP: 14/19 MP: 2/14
    12 | D        | Reached XP level 4. HP: 18/24 MP: 2/16
    68 | D        | Learned a level 2 spell: Searing Ray
    72 | D        | Learned a level 3 spell: Conjure Flame
    77 | D        | Learned a level 4 spell: Sticky Flame
    81 | D        | Noticed an ogre
    93 | D        | Killed an ogre
    93 | D        | Reached skill level 10 in Spellcasting
    93 | D        | Reached XP level 5. HP: 28/28 MP: 5/19
   155 | D        | Learned a level 5 spell: Fireball
   157 | D        | Noticed Sigmund
   162 | D        | Killed Sigmund
   162 | D        | Reached skill level 12 in Spellcasting
   162 | D        | Reached skill level 10 in Fire Magic
   162 | D        | Reached XP level 6. HP: 13/32 MP: 9/23
   289 | D        | Found a burning altar of Makhleb.
   289 | D        | Found a viscous altar of Jiyva.
   289 | D        | Found a shimmering altar of Xom.
   289 | D        | Found a corrupted altar of Lugonu.
   289 | D        | Noticed a slime creature
   305 | D        | Killed a slime creature
   305 | D        | Reached skill level 13 in Spellcasting
   450 | D        | Found an ornate altar of the Wu Jian Council.
   450 | D        | Found a shimmering blue altar of Sif Muna.
   455 | D        | Found a radiant altar of Vehumet.
   502 | D        | Found Luchoatea's Jewellery Emporium.
   502 | D        | Found an ancient bone altar of Kikubaaqudgha.
   502 | D        | Found a hazy altar of Hepliaklqana.
   502 | D        | Found a stormy altar of Qazlal.
   502 | D        | Found a hide-covered altar of Uskayaw.
   502 | D        | Found a blossoming altar of Fedhas.
   502 | D        | Found a bloodstained altar of Trog.
   502 | D        | Found an iron altar of Okawaru.
   502 | D        | Found a basalt altar of Yredelemnul.
   502 | D        | Found a glowing golden altar of the Shining One.
   502 | D        | Found a snail-covered altar of Cheibriados.
   502 | D        | Found a sacrificial altar of Ru.
   502 | D        | Found a glowing silver altar of Zin.
   502 | D        | Found a shadowy altar of Dithmenos.
   502 | D        | Found a white marble altar of Elyvilon.
   502 | D        | Noticed a yak
   508 | D        | Killed a yak
   508 | D        | Reached skill level 14 in Spellcasting
   508 | D        | Reached XP level 7. HP: 36/36 MP: 15/26
   537 | D        | Found an opulent altar of Gozag.
   538 | D        | Found a sparkling altar of Nemelex Xobeh.
   546 | D        | Became a worshipper of Qazlal Stormbringer
   554 | D        | Noticed Sonja
   561 | D        | Killed Sonja
   561 | D        | Reached skill level 15 in Spellcasting
   561 | D        | Reached XP level 8. HP: 32/41 MP: 7/29
   683 | D        | Found Uxieme's Jewellery Boutique.
   707 | D        | Noticed a centaur warrior
   709 | D        | Killed a centaur warrior
   709 | D        | Reached skill level 16 in Spellcasting
   730 | D        | Noticed a centaur warrior
   731 | D        | Killed a centaur warrior
   731 | D        | Reached * piety under Qazlal
   731 | D        | Reached skill level 17 in Spellcasting
   731 | D        | Reached skill level 15 in Fire Magic
   731 | D        | Reached XP level 9. HP: 43/45 MP: 19/32
   786 | D        | Noticed a deep troll
   792 | D        | Killed a deep troll
   792 | D        | Reached skill level 18 in Spellcasting
   879 | D        | Bought an uncursed ring of magical power for 240 gold
                  | pieces
   910 | D        | Bought an uncursed ring of fire for 275 gold pieces
   929 | D        | Found Xelynimm's Armour Emporium.
   947 | D        | Killed by an exploding ballistomycete spore

Levels and vault maps discovered:
D:        dungeon_sprint_1 [red_sonja_temple_1, red_sonja_temple_small_1]

Skill      XL: |  1  2  3  4  5  6  7  8  9 |
---------------+----------------------------+-----
Spellcasting   | 8 10 12 14 15 17 18 | 18.2
Fire Magic     | 7 8 10 12 13 15 | 15.8
Dodging        | |  2.4
Stealth        | |  2.4

Action                   |  1- 3 |  4- 6 |  7- 9 || total
-------------------------+-------+-------+-------++-------
 Cast: Foxfire           |     5 |       |       ||     5
       Searing Ray       |       |     7 |     2 ||     9
       Conjure Flame     |       |     4 |     6 ||    10
       Fireball          |       |     1 |     9 ||    10
       Sticky Flame      |       |     1 |       ||     1
Dodge: Dodged            |     3 |       |     1 ||     4
